 Dungeon Crawl Stone Soup version 0.31-a0-177-g4aa6249778 (webtiles) character file.

Game seed: 11964007087233455853

891 qw the Skirmisher (level 8, -5/72 HPs)
             Began as a Naga Hunter on June 18, 2023.
             Slain by an ogre
             ... wielding a +0 giant club
              (17 damage)
             ... on level 5 of the Dungeon.
             The game lasted 00:01:19 (3904 turns).

qw the Skirmisher (Naga Hunter)                     Turns: 3904, Time: 00:01:19

Health: -5/72      AC:  9    Str: 13    XL:     8   Next: 6%
Magic:  8/8        EV:  8    Int: 11    God:
Gold:   287        SH:  0    Dex: 16    Spells: 7/7 levels left

rFire   + . .        Y - +0 longbow
rCold   + . .        (shield currently unavailable)
rNeg    . . .        c - +0 leather armour
rPois   +            n - +0 helmet
rElec   .            b - scarf {rC+ rF+}
rCorr   .            (no gloves)
SInv    +            m - +0 barding
Will    +....        h - amulet of faith
Stlth   ++           (no ring)
HPRegen 0.32/turn    (no ring)
MPRegen 0.11/turn

%: faith
@: about to teleport, very slow
A: AC +2, large, see invisible, deformed body, poison resistance, slowness 2,
spit poison 1, naga tail 1
a: Spit Poison


You were on level 5 of the Dungeon.
You visited 1 branch of the dungeon, and saw 6 of its levels.

You collected 358 gold pieces.
You spent 71 gold pieces at shops.


Innate Abilities, Weirdness & Mutations

Your serpentine skin is tough. (AC +2)
You have supernaturally acute eyesight. (SInv)
Armour fits poorly on your strangely shaped body.
Your system is resistant to poisons. (rPois)
You cover ground very slowly.
You can spit poison.
You have a snake-like lower body.


   Skills:
 - Level 4.1 Fighting
 - Level 8.2 Ranged Weapons
 + Level 0.0 Armour
 - Level 2.0 Dodging
 - Level 1.5 Stealth


You had 7 spell levels left.
You didn't know any spells.
Your spell library was empty.

Inventory:

Hand Weapons
 Y - a +0 longbow (weapon)
Armour
 b - a scarf of resistance (worn)
 c - a +0 leather armour (worn)
 f - a +0 cloak
 m - a +0 barding (worn)
 n - a +0 helmet (worn)
Jewellery
 h - an amulet of faith (around neck)
Wands
 d - a wand of digging (3)
Scrolls
 a - 4 scrolls of teleportation
 e - a scroll of identify
Potions
 g - 2 potions of might
 i - a potion of heal wounds
 j - 2 potions of haste
 l - a potion of curing
 p - a potion of enlightenment {unknown}

Dungeon Overview and Level Annotations

Branches:
Dungeon (6/15)
 Temple: D:4-7

Altars:

Shops:
D:5 (


Message History

You see here a +0 glaive.
There is a stone staircase leading down here.
You climb downwards.
The orc wizard shouts!
The hound barks!
The orc shouts!
The ogre shouts!
The orc priest shouts!
Found a scroll of immolation, 12 gold pieces and a scroll labelled JOWAMIGOLO.
There is a stone staircase leading up here.
There are monsters nearby!
Waypoint 5 assigned to D:6.
3900 ||| INVOKING Spit Poison.
Aiming: Spit Poison (1% risk of failure)
Press: ? - help, Shift-Dir - straight line, f - ogre The splash of poison hits the ogre.
The ogre is lightly wounded.
The orc wizard casts a spell at you.
The magic dart hits you but does no damage.
The orc hits you but does no damage.
The orc priest calls down the wrath of Beogh upon you.
Beogh smites you!
The ogre hits you with a +0 giant club!!
3901 ||| STAIRDANCE The hound bites you but does no damage.
The hound barely misses you. The orc wizard barely misses you.
The orc curses loudly, as Orcs often do.
The orc barely misses you.
You climb upwards.
There is a stone staircase leading down here.
You shoot an arrow. The arrow hits the ogre.
The ogre is moderately wounded.
The hound bites you. The ogre hits you with a +0 giant club!
The orc closely misses you.
The orc wizard mumbles some strange words.
The orc wizard flickers and vanishes for a moment.
3904 ||| READING 5 scrolls of teleportation.
As you read the scroll of teleportation, it crumbles to dust.
You feel strangely unstable.
You have got your breath back.
The hound misses you. The hound bites you but does no damage.
The orc wizard hits you with a +0 dagger.
The orc hits you but does no damage. The ogre hits you with a +0 giant club!
You die...

#.#.....#.#...........#####....
#.#.....#<#...........# #####
#.#.......#...........#
#.###'###.#.###'#'#####
#..)......#.# #.#.#
#######.#####.# #.#.#############
..........<...###................
#.#####.##.#####.o..#############
#...# #........O@o..............:
###.#####.#######h#..............
#...............###############
#########......................#
.............)..........######.#
#.################...##.# #.# #.#
######.# #.## #.# #.# #... #.#
#.# ####


You could see an ogre, a hound, an orc wizard (invisible) and an orc.

Vanquished Creatures
  A black bear (D:5)
  An ogre (D:4)
  2 phantoms (D:5)
  3 scorpions
  A hound (D:4)
  A sleepcap (D:5)
  2 iguanas (D:5)
  Natasha (thrice) (D:2)
  An orc wizard (D:4)
  3 gnolls (D:3)
  6 adders
  A shadow imp (D:5)
  2 ufetubi (D:5)
  A worm (D:3)
  3 orcs
  5 endoplasms
  5 giant cockroaches
  5 goblins
  6 hobgoblins
  10 jackals
  6 kobolds
  4 quokkas
  3 training dummies (D:5)
  A ball python (D:2)
  7 bats
  3 frilled lizards (D:2)
  2 rats
88 creatures vanquished.

Notes
Turn   | Place    | Note
-------+----------+-------------------------------------------
     0 | D:1      | qw the Naga Hunter began the quest for the Orb.
     0 | D:1      | Reached XP level 1. HP: 19/19 MP: 1/1
     0 | D:1      | 0 ||| qw: Version: 0.3-a-7-ge0c9b40
     0 | D:1      | 0 ||| qw: Game counter: 788
     0 | D:1      | 0 ||| qw: Always use a shield: true
     0 | D:1      | 0 ||| qw: God list: Okawaru
     0 | D:1      | 0 ||| qw: Allow faded altars: false
     0 | D:1      | 0 ||| qw: Do Orc after D:15 true
     0 | D:1      | 0 ||| qw: Do second Lair branch before Depths: true
     0 | D:1      | 0 ||| qw: Lair rune preference: random
     0 | D:1      | 0 ||| qw: Plans: Normal
     0 | D:1      | 0 ||| PLANNING D:1-11
    71 | D:1      | 71 ||| INVOKING Spit Poison.
    75 | D:1      | 75 ||| INVOKING Spit Poison.
   119 | D:1      | 119 ||| INVOKING Spit Poison.
   132 | D:1      | 132 ||| INVOKING Spit Poison.
   137 | D:1      | 137 ||| INVOKING Spit Poison.
   172 | D:1      | 172 ||| INVOKING Spit Poison.
   175 | D:1      | Reached skill level 4 in Ranged Weapons
   175 | D:1      | Reached XP level 2. HP: 26/26 MP: 2/2
   253 | D:1      | 253 ||| INVOKING Spit Poison.
   263 | D:1      | 263 ||| INVOKING Spit Poison.
   339 | D:1      | 339 ||| INVOKING Spit Poison.
   342 | D:1      | 342 ||| INVOKING Spit Poison.
   399 | D:1      | 399 ||| INVOKING Spit Poison.
   589 | D:1      | 589 ||| READING 3 scrolls labelled FIDIRO LOELL.
   592 | D:1      | 592 ||| READING 2 scrolls labelled FULAGU COTOUZAIBB.
   593 | D:1      | 593 ||| READING scroll labelled FUWKIC IXITOWO.
   594 | D:1      | 594 ||| DRINKING 2 fizzy white potions.
   595 | D:1      | 595 ||| DROPPING scroll of butterflies.
   646 | D:2      | Noticed Natasha
   647 | D:2      | 647 ||| INVOKING Spit Poison.
   653 | D:2      | 653 ||| INVOKING Spit Poison.
   653 | D:2      | Killed Natasha
   654 | D:2      | Reached XP level 3. HP: 14/32 MP: 3/3
   657 | D:2      | 657 ||| INVOKING Spit Poison.
   812 | D:2      | 812 ||| INVOKING Spit Poison.
   827 | D:2      | 827 ||| INVOKING Spit Poison.
   831 | D:2      | 831 ||| INVOKING Spit Poison.
   833 | D:2      | Reached skill level 5 in Ranged Weapons
   837 | D:2      | 837 ||| INVOKING Spit Poison.
   838 | D:2      | Reached XP level 4. HP: 37/39 MP: 4/4
   872 | D:2      | 872 ||| INVOKING Spit Poison.
   878 | D:2      | 878 ||| INVOKING Spit Poison.
   938 | D:2      | 938 ||| INVOKING Spit Poison.
   946 | D:2      | You fall into a shaft and drop 2 floors!
   974 | D:4      | 974 ||| INVOKING Spit Poison.
   997 | D:4      | 997 ||| INVOKING Spit Poison.
   998 | D:4      | 998 ||| INVOKING Spit Poison.
  1001 | D:4      | Noticed an ogre
  1003 | D:4      | 1003 ||| INVOKING Spit Poison.
  1004 | D:4      | Killed an ogre
  1005 | D:4      | Reached skill level 3 in Fighting
  1005 | D:4      | Reached XP level 5. HP: 50/50 MP: 5/5
  1010 | D:4      | 1010 ||| UPGRADING to scarf of resistance.
  1015 | D:4      | 1015 ||| DRINKING 2 coppery potions.
  1021 | D:4      | 1021 ||| INVOKING Spit Poison.
  1049 | D:3      | 1049 ||| INVOKING Spit Poison.
  1055 | D:3      | 1055 ||| INVOKING Spit Poison.
  1061 | D:3      | 1061 ||| INVOKING Spit Poison.
  1101 | D:3      | 1101 ||| INVOKING Spit Poison.
  1111 | D:3      | 1111 ||| INVOKING Spit Poison.
  1114 | D:3      | 1114 ||| INVOKING Spit Poison.
  1121 | D:3      | 1121 ||| INVOKING Spit Poison.
  1126 | D:3      | 1126 ||| INVOKING Spit Poison.
  1128 | D:3      | Reached XP level 6. HP: 43/57 MP: 6/6
  1235 | D:3      | 1235 ||| INVOKING Spit Poison.
  1239 | D:3      | 1239 ||| INVOKING Spit Poison.
  1317 | D:2      | 1317 ||| INVOKING Spit Poison.
  1323 | D:2      | Noticed Natasha
  1324 | D:2      | 1324 ||| INVOKING Spit Poison.
  1328 | D:2      | 1328 ||| INVOKING Spit Poison.
  1329 | D:2      | Killed Natasha
  1331 | D:2      | 1331 ||| INVOKING Spit Poison.
  1334 | D:2      | 1334 ||| INVOKING Spit Poison.
  1484 | D:2      | 1484 ||| INVOKING Spit Poison.
  1541 | D:2      | 1541 ||| INVOKING Spit Poison.
  1562 | D:2      | Noticed Natasha
  1563 | D:2      | 1563 ||| INVOKING Spit Poison.
  1568 | D:2      | 1568 ||| INVOKING Spit Poison.
  1572 | D:2      | 1572 ||| INVOKING Spit Poison.
  1574 | D:2      | Killed Natasha
  1575 | D:2      | Reached skill level 6 in Ranged Weapons
  1794 | D:2      | 1794 ||| INVOKING Spit Poison.
  1803 | D:2      | 1803 ||| INVOKING Spit Poison.
  1954 | D:2      | 1954 ||| READING scroll labelled TOCKOTONLO.
  1955 | D:2      | 1955 ||| DRINKING 2 white potions.
  1956 | D:2      | 1956 ||| DROPPING potion of magic.
  2113 | D:3      | 2113 ||| INVOKING Spit Poison.
  2116 | D:3      | 2116 ||| INVOKING Spit Poison.
  2251 | D:3      | 2251 ||| INVOKING Spit Poison.
  2263 | D:3      | 2263 ||| INVOKING Spit Poison.
  2425 | D:3      | 2425 ||| UPGRADING to amulet of faith.
  2430 | D:3      | 2430 ||| READING scroll labelled LUWIKAA TEADU.
  2495 | D:4      | 2495 ||| INVOKING Spit Poison.
  2499 | D:4      | 2499 ||| INVOKING Spit Poison.
  2502 | D:4      | 2502 ||| INVOKING Spit Poison.
  2551 | D:4      | 2551 ||| INVOKING Spit Poison.
  2556 | D:4      | 2556 ||| INVOKING Spit Poison.
  2561 | D:4      | 2561 ||| INVOKING Spit Poison.
  2566 | D:4      | 2566 ||| INVOKING Spit Poison.
  2589 | D:4      | 2589 ||| INVOKING Spit Poison.
  2655 | D:4      | 2655 ||| INVOKING Spit Poison.
  2658 | D:4      | 2658 ||| INVOKING Spit Poison.
  2666 | D:4      | 2666 ||| INVOKING Spit Poison.
  2671 | D:4      | 2671 ||| INVOKING Spit Poison.
  2838 | D:4      | 2838 ||| READING scroll labelled AFUITO GOWNOJ.
  2839 | D:4      | 2839 ||| DRINKING 2 orange potions.
  2840 | D:4      | 2840 ||| READING 3 scrolls of identify.
  2840 | D:4      | 2840 ||| IDENTIFYING sedimented coppery potion
  2841 | D:4      | 2841 ||| DROPPING potion of lignification.
  2871 | D:5      | Entered Level 5 of the Dungeon
  2872 | D:5      | 2872 ||| INVOKING Spit Poison.
  2875 | D:5      | 2875 ||| STAIRDANCE
  2877 | D:4      | 2877 ||| INVOKING Spit Poison.
  2879 | D:4      | Reached XP level 7. HP: 59/64 MP: 7/7
  2911 | D:5      | 2911 ||| INVOKING Spit Poison.
  2915 | D:5      | 2915 ||| INVOKING Spit Poison.
  2920 | D:5      | Reached skill level 7 in Ranged Weapons
  2921 | D:5      | 2921 ||| INVOKING Spit Poison.
  3031 | D:5      | 3031 ||| INVOKING Spit Poison.
  3170 | D:5      | 3170 ||| INVOKING Spit Poison.
  3233 | D:5      | 3233 ||| INVOKING Spit Poison.
  3239 | D:5      | 3239 ||| INVOKING Spit Poison.
  3404 | D:5      | Found Bets's Firing Range.
  3417 | D:5      | 3417 ||| BUYING +0 longbow (71 gold).
  3417 | D:5      | Bought a +0 longbow for 71 gold pieces
  3417 | D:5      | 3417 ||| SWAPPING to +0 longbow.
  3418 | D:5      | 3418 ||| DROPPING +0 shortbow.
  3654 | D:5      | 3654 ||| INVOKING Spit Poison.
  3657 | D:5      | 3657 ||| INVOKING Spit Poison.
  3822 | D:5      | Reached skill level 8 in Ranged Weapons
  3822 | D:5      | Reached XP level 8. HP: 72/72 MP: 8/8
  3834 | D:5      | 3834 ||| UPGRADING to +0 barding.
  3839 | D:5      | 3839 ||| UPGRADING to +0 helmet.
  3844 | D:5      | 3844 ||| READING scroll labelled WOH HIUT JOWN.
  3845 | D:5      | 3845 ||| READING 2 scrolls of identify.
  3845 | D:5      | 3845 ||| IDENTIFYING silvery potion
  3900 | D:6      | 3900 ||| INVOKING Spit Poison.
  3901 | D:6      | 3901 ||| STAIRDANCE
  3903 | D:5      | HP: 16/72 [ogre/+0 giant club (16)]
  3904 | D:5      | 3904 ||| READING 5 scrolls of teleportation.
  3904 | D:5      | Slain by an ogre

Levels and vault maps discovered:
D:1:      psy_arrival_spokes, layout_basic
D:2:      layout_loops_cross, uniq_natasha
D:3:      layout_loops_ring, serial_park_tiny_1
D:4:      layout_rooms
D:5:      layout_basic, nicolae_shop_firing_range
D:6:      layout_rooms, minmay_temple_entry_glassed_door, st_stairs_9

Skill      XL: |  1  2  3  4  5  6  7 |
---------------+----------------------+-----
Ranged Weapons | 4 5 6 8 |  8.2
Fighting       | 3 4 |  4.1
Dodging        | 2 |  2.0
Stealth        | |  1.5

Action                     |  1- 3 |  4- 6 |  7- 9 || total
---------------------------+-------+-------+-------++-------
   Fire: Shortbow          |    54 |   111 |    40 ||   205
         Longbow           |       |       |    12 ||    12
Ability: Spit Poison       |    18 |    47 |    10 ||    75
    Use: Scroll            |     3 |     4 |     3 ||    10
         Potion            |     1 |     3 |       ||     4
 Armour: Leather armour    |     4 |    13 |    14 ||    31
  Dodge: Dodged            |    16 |    26 |    15 ||    57

Table legend:
 A = Non-vault XP
 B = Vault XP
 C = Vault XP percentage of total XP
 D = Non-vault monster count
 E = Vault monster count
 F = Vault count percentage of total count
                 A         B        C        D         E       F
            +---------+---------+-------+---------+---------+-------
      Total |    1232 |      41 |   3.2 |      84 |       4 |   4.5
            +---------+---------+-------+---------+---------+-------
        D:1 |      21 |       0 |   0.0 |      11 |       0 |   0.0
        D:2 |     135 |      35 |  20.6 |      24 |       1 |   4.0
        D:3 |      93 |       0 |   0.0 |      15 |       0 |   0.0
        D:4 |     413 |       0 |   0.0 |      22 |       0 |   0.0
        D:5 |     570 |       6 |   1.0 |      12 |       3 |  20.0
            +---------+---------+-------+---------+---------+-------
